 Dungeon Crawl Stone Soup version 0.31-a0-543-geaa9c7a (webtiles) character file.

Game seed: 3136798499920124450

1762315 Wizard1ke the Rhythm of Life and Death (level 26, 156/156 HPs)
             Began as a Spriggan Brigand on Aug 14, 2023.
             Was a Follower of Uskayaw.
             Escaped with the Orb
             ... and 3 runes on Aug 15, 2023!
             The game lasted 03:16:41 (61848 turns).

Wizard1ke the Rhythm of Life and Death (SpBr)      Turns: 61848, Time: 03:16:41

Health: 156/156    AC:  5    Str:  7    XL:     26   Next: 26%
Magic:  41/41      EV: 71    Int: 16    God:    Uskayaw [*.....]
Gold:   6842       SH:  0    Dex: 43    Spells: 9/25 levels left

rFire   + + .        u - +9 arbalest (flame)
rCold   . . .        (shield currently unavailable)
rNeg    . . .        U - +1 robe "Riyngigut" {rPois Int-3 Dex+3 Stlth+}
rPois   +            W - +2 hat
rElec   .            r - scarf {repulsion}
rCorr   .            (gloves unavailable)
SInv    +            (boots unavailable)
Will    ++++.        m - amulet "Wuwnauh" {Acrobat rF++ Int+6}
Stlth   ++           j - +6 ring of dexterity
HPRegen 0.46/turn    V - +6 ring of dexterity
MPRegen 0.27/turn

%: repel missiles, acrobat
@: studying 2 skills, very quick
A: very small, no large weapons, unfitting armour, see invisible, speed 3,
poison resistance, no potion heal 1
0: Orb of Zot
}: 3/15 runes: barnacled, silver, gossamer
a: Renounce Religion, Stomp


You escaped.
You worshipped Uskayaw.
Uskayaw was exalted by your worship.
You visited 9 branches of the dungeon, and saw 47 of its levels.
You also visited: Sewer, Ice Cave and Desolation.

You collected 9132 gold pieces.
You spent 2290 gold pieces at shops.

Inventory:

Hand Weapons
 u - a +9 arbalest of flaming (weapon)
 Z - a +2 heavy hand crossbow
Missiles
 e - 4 curare-tipped darts
 l - 14 throwing nets
Armour
 b - a +2 robe of cold resistance
 c - a +2 cloak of stealth
 p - the orb "Uxzoi" {*channel, rPois rF+ Int+3}
   (You found it on level 4 of the Spider Nest)

   Int+3:     It affects your intelligence (+3).
   rF+:       It protects you from fire.
   rPois:     It protects you from poison
 r - a scarf of repulsion (worn)
 U - the +1 robe "Riyngigut" (worn) {rPois Int-3 Dex+3 Stlth+}
   (You bought it in a shop on level 2 of the Orcish Mines)

   Int-3:     It affects your intelligence (-3).
   Dex+3:     It affects your dexterity (+3).
   rPois:     It protects you from poison Stlth+: It makes you more stealthy.
 W - a +2 hat (worn)
Jewellery
 j - a +6 ring of dexterity (left hand)
 m - the amulet "Wuwnauh" (around neck) {Acrobat rF++ Int+6}
   (You acquired it on level 5 of the Vaults)

   [amulet of the acrobat]

   Acrobat:   It increases your evasion while moving and waiting.
   Int+6:     It affects your intelligence (+6).
   rF++:      It greatly protects you from fire.
 v - the ring of the Falcon {rF+ rN+ rCorr Int-3 Slay+2}
   (You found it on level 5 of the Vaults)

   [ring of protection from fire]

   Int-3:     It affects your intelligence (-3).
   Slay+2:    It affects your accuracy & damage with ranged weapons and melee
   (+2).
   rF+:       It protects you from fire.
   rN+:       It protects you from negative energy.
   rCorr:     It protects you from acid and corrosion.
 E - a +6 ring of dexterity
 N - a ring of flight
 P - a ring of protection from cold
 V - a +6 ring of dexterity (right hand)
Wands
 d - a wand of quicksilver (43)
 z - a wand of mindburst (47)
 C - a wand of polymorph (45)
 D - a wand of digging (4)
 I - a wand of roots (23)
 T - a wand of paralysis (26)
Scrolls
 a - 5 scrolls of torment
 f - a scroll of silence {!r}
 g - 10 scrolls of teleportation
 k - 6 scrolls of poison
 n - 7 scrolls of fear
 s - 8 scrolls of summoning
 x - 2 scrolls of immolation
 y - 11 scrolls of blinking
 B - 5 scrolls of vulnerability
 F - 6 scrolls of revelation
 J - 9 scrolls of fog
Potions
 h - 12 potions of lignification
 i - 19 potions of curing
 o - 13 potions of brilliance
 q - 13 potions of enlightenment
 w - 8 potions of heal wounds
 A - 9 potions of resistance
 G - 6 potions of invisibility
 H - 4 potions of attraction
 K - 5 potions of magic
 L - 2 potions of haste
 R - 6 potions of ambrosia
 S - 6 potions of cancellation
 Y - 2 potions of mutation
Miscellaneous
 t - a sack of spiders
 M - a lightning rod (4/4)
 O - a phial of floods
 Q - a phantom mirror
 X - a tin of tremorstones (2/2)


   Skills:
 + Level 22.0 Fighting
 - Level 2.1 Short Blades
 - Level 20.0 Ranged Weapons
 - Level 2.0 Throwing
 - Level 26.0 Dodging
 - Level 5.8 Stealth
 - Level 5.0 Hexes
 - Level 20.0 Translocations
 O Level 27 Invocations
 - Level 10.0 Evocations


You had 9 spell levels left.
You knew the following spells:

 Your Spells              Type           Power      Damage    Failure   Level
a - Apportation           Tloc           100%       N/A       0%          1
b - Blink                 Tloc           100%       N/A       0%          2
c - Portal Projectile     Hex/Tloc       80%        N/A       1%          3
d - Passage of Golubria   Tloc           59%        N/A       1%          4
e - Dispersal             Tloc           29%        N/A       1%          6

Your spell library contained the following spells:

 Spells                   Type           Power      Damage    Failure   Level
 Lesser Beckoning         Tloc           100%       N/A       0%          2
 Momentum Strike          Conj/Tloc      64%        3d9       1%          2
 Gell's Gravitas          Tloc           59%        N/A       1%          3
 Teleport Other           Tloc           59%        N/A       1%          3
 Vhi's Electric Charge    Tloc/Air       64%        N/A       1%          3
 Volatile Blastmotes      Fire/Tloc      64%        2d15      1%          3
 Manifold Assault         Tloc           59%        N/A       1%          4
 Slow                     Hex            64%        N/A       3%          1
 Iskenderun's Mystic Bla  Conj/Tloc      32%        2d8       4%          4
 Confusing Touch          Hex            16%        N/A       10%         3
 Tukima's Dance           Hex            16%        N/A       10%         3
 Ensorcelled Hibernation  Hex/Ice        16%        N/A       14%         2
 Freeze                   Ice            0%         1d3       26%         1
 Kiss of Death            Conj/Necr      0%         2d5       26%         1
 Magic Dart               Conj           0%         1d3       26%         1
 Necrotise                Necr           0%         1d4       26%         1
 Sting                    Tmut/Pois      0%         1d3       26%         1
 Summon Small Mammal      Summ           0%         N/A       26%         1
 Dazzling Flash           Conj/Hex       16%        N/A       26%         3
 Summon Guardian Golem    Hex/Summ       8%         N/A       26%         3
 Cause Fear               Hex            8%         N/A       32%         4
 Call Imp                 Summ           0%         N/A       36%         2
 Poisonous Vapours        Pois/Air       0%         N/A       36%         2
 Scorch                   Fire           0%         2d5       36%         2
 Sublimation of Blood     Necr           0%         N/A       36%         2
 Wereblood                Tmut           0%         N/A       36%         2
 Disjunction              Tloc           29%        N/A       41%         8
 Call Canine Familiar     Summ           0%         N/A       58%         3
 Frozen Ramparts          Ice            0%         1d1       58%         3
 Hailstorm                Conj/Ice       0%         3d3       58%         3
 Ignite Poison            Fire/Tmut/Pois 0%         N/A       58%         3
 Mephitic Cloud           Conj/Pois/Air  0%         N/A       58%         3
 Ozocubu's Armour         Ice            0%         N/A       58%         3
 Stone Arrow              Conj/Erth      0%         3d7       58%         3
 Vampiric Draining        Necr           0%         2d6       58%         3
 Anguish                  Hex/Necr       4%         N/A       65%         4
 Fulminant Prism          Conj/Hex       4%         3d5       65%         4
 Leda's Liquefaction      Hex/Erth       4%         N/A       65%         4
 Animate Armour           Summ/Erth      0%         N/A       94%         4
 Animate Dead             Necr           0%         N/A       94%         4
 Dispel Undead            Necr           0%         3d6       94%         4
 Olgreb's Toxic Radiance  Pois           0%         N/A       94%         4
 Sticky Flame             Conj/Fire      0%         2d3       94%         4
 Summon Ice Beast         Ice/Summ       0%         N/A       94%         4
 Summon Lightning Spire   Summ/Air       0%         N/A       94%         4
 Silence                  Hex/Air        4%         N/A       94%         5
 Malign Gateway           Summ/Tloc      16%        N/A       98%         7
 Agony                    Necr           0%         N/A       100%        5
 Alistair's Intoxication  Tmut/Pois      0%         N/A       100%        5
 Arcjolt                  Conj/Air       0%         1d10      100%        5
 Borgnjor's Vile Clutch   Necr/Erth      0%         N/A       100%        5
 Fireball                 Conj/Fire      0%         3d3       100%        5
 Iskenderun's Battlesphe  Conj           0%         2d6       100%        5
 Lee's Rapid Deconstruct  Erth           0%         3d4*      100%        5
 Conjure Ball Lightning   Conj/Air       0%         3x3d6     100%        6
 Death Channel            Necr           0%         N/A       100%        6
 Leda's Unmaking          Conj/Erth      0%         9d1       100%        6
 Plasma Beam              Fire/Air       0%         2x1d10    100%        6
 Simulacrum               Ice/Necr       0%         N/A       100%        6
 Starburst                Conj/Fire      0%         6d3       100%        6
 Ozocubu's Refrigeration  Ice            0%         4d7       100%        7
 Spellforged Servitor     Conj/Summ      0%         N/A       100%        7
 Summon Hydra             Summ           0%         N/A       100%        7
 Discord                  Hex            8%         N/A       100%        8
 Ignition                 Fire           0%         3d3       100%        8
 Lehudib's Crystal Spear  Conj/Erth      0%         10d2      100%        8
 Maxwell's Capacitive Co  Air            0%         ∞         100%        8
 Summon Horrible Things   Summ           0%         N/A       100%        8
 Dragon's Call            Summ           0%         N/A       100%        9
 Polar Vortex             Ice            0%         N/A       100%        9
 Shatter                  Erth           0%         3d5*      100%        9


Dungeon Overview and Level Annotations

Branches:
Dungeon (15/15)            Temple (0/1) D:7            Lair (5/5) D:9
 Shoals (4/4) Lair:2       Spider (4/4) Lair:3        Slime (0/5) Lair:4
    Orc (2/2) D:12            Elf (3/3) Orc:2        Vaults (5/5) D:14
  Crypt (0/3) Vaults:3     Depths (4/4) D:15            Zot (5/5) Depths:4
  Sewer (visited)           IceCv (visited)         Desolation (visited)

Altars:
Ashenzari
Dithmenos
Fedhas
Hepliaklqana
Kikubaaqudgha
Okawaru
Qazlal
Trog
Uskayaw
Wu Jian
Xom
Yredelemnul
Zin
The Shining One
Jiyva

Shops:
D:4 [[   Orc:1 !   Orc:2 *[([   Elf:2 =   Shoals:1 :   Shoals:3 [   Vaults:2 :
Vaults:4 :   Depths:3 (

Portals:
Hell: Depths:1 Depths:2 Depths:3 Depths:4
Abyss: Lair:1 Depths:3
Pandemonium: Depths:1 Depths:2 Depths:4
Ziggurat: Depths:1
Trove: D:14 (give 4 scrolls of blinking)

Annotations:
D:14 exclusion: downstairs
Lair:1 2 transporters, PiratePeteNZ's ghost, journeyman FoVM
Lair:5 2 transporters, 1 exclusion, Taxman66's ghost, journeyman TrFi
Shoals:4 exclusion: oklob plant
Elf:1 2 transporters, Biss's ghost, journeyman TrSh
Vaults:5 !vaults warning
Depths:1 1 transporter


Innate Abilities, Weirdness & Mutations

You are very small and have problems with some larger weapons.
You are too small for most types of armour.
You have supernaturally acute eyesight. (SInv)
You cover ground extremely quickly. (Speed+++)
Your system is resistant to poisons. (rPois)
Potions are less effective at restoring your health.


Message History

You shoot a bolt. The bolt hits the Brimstone Fiend!!
The Brimstone Fiend is almost dead.
You can now pass through a line of other dancers.
Fire: u) +9 arbalest (flame)
Press: ? - help, Q - select action, (/) - cycle Shift-Dir - straight line, f/p - Brimstone Fiend
Aim: a Brimstone Fiend (almost dead, 88% to hit)
You shoot a bolt. The bolt hits the Brimstone Fiend!!!
You kill the Brimstone Fiend!
(D) Dungeon (T) Temple (L) Lair (A) Shoals (N) Spider Nest (M) Slime Pits (O) Orcish Mines (E) Elven Halls (V) Vaults (C) Crypt (U) Depths (H) Hell (Z) Zot
Where to? (Tab/Enter - D:1 @ (x,y), ? - help)
There is a stone staircase leading up here.
You climb upwards.
There is a stone staircase leading down here.
There is an open door here.
There is a stone staircase leading up here.
You climb upwards.
There is a stone staircase leading down here.
There is a stone staircase leading up here.
You climb upwards.
There is a stone staircase leading down here.
There is a stone staircase leading up here.
You climb upwards.
There is a stone staircase leading down here.
Things that are here:
3 stones; a +0 short sword You enter the shallow water.
Moving in this stuff is going to be slow.
There is a large open door here.
There is a staircase leading out of the dungeon here.
You're wearing all the rings you can.
Remove which one? (? for menu, Esc to cancel) < or
j - a +6 ring of dexterity; > or
P - a ring of protection from cold You remove your ring of protection from cold.
You feel agile.
V - a +6 ring of dexterity (right hand)
You can't go down here!
You have escaped!

#........##.#############
#...........#####........
########.##.)..........'........
#).......#~~~≈≈≈≈~~~####........
#.######..~8~~§≈~§8~.###########
#.# #).~~8~~~~8~~#..........^
#.# #..§~~####~~≈.#######....
#.### #..§≈~'..#~≈≈## ##.##
#...# #.§§≈~'.@#~≈§# #.# ###.#
#..§~~####~§§# #.# #.#
#..§~8~~~~8~§# #.# #.#
###~8~~§§~~8~# #.# #.#
#~~~≈§≈≈~~~#### #.# ##.#
######........######.# #..#
#.#.####.....)..# #.## #.#.#
########## #.# #.#.#


There were no monsters in sight!

Vanquished Creatures
  2 dread liches (Zot:5)
  9 ancient liches
  Mara (D:15)
  2 orbs of fire (Zot:4)
  Mennas (Vaults:5)
  2 juggernauts
  Bai Suzhen (Shoals:2)
  4 Killer Klowns
  Saint Roka (Orc:2)
  7 golden dragons
  23 tentacled monstrosities
  A Brimstone Fiend (D:5)
  2 hellephants (Depths:2)
  Jorgrun (Spider:1)
  22 Orb Guardians
  4 titans (Vaults:5)
  A walking crystal tome (Depths:3)
  2 deep elf master archers (Elf:3)
  A deep elf blademaster (Elf:2)
  2 liches
  9 sphinxes
  6 quicksilver dragons
  A kraken (Shoals:4)
  Kirke (D:14)
  11 tengu reavers
  Donald (Spider:1)
  Aizul (Depths:1)
  8 death cobs
  Agnes (D:15)
  11 draconian monks
  16 storm dragons
  5 draconian knights
  14 shadow dragons
  Ilsuiw (Shoals:2)
  6 deep elf sorcerers
  2 emperor scorpions (Spider:4)
  15 fire giants
  12 frost giants
  The ghost of Igumek the Carver, an adept OpBr of Cheibriados (D:15)
  7 deep elf elementalists
  3 imperial myrmidons (Desolation)
  4 draconian scorchers
  5 draconian shifters
  21 vault wardens
  6 ghost moths
  4 draconian stormcallers
  4 iron dragons
  6 spriggan defenders
  19 ironbound preservers
  2 broodmothers (Spider:4)
  16 very ugly things
  5 formless jellyfish
  6 war gargoyles
  A reaper (Depths:2)
  18 stone giants
  5 draconian annihilators
  3 vampire knights
  8 ironbound thunderhulks
  15 green draconians
  10 black draconians
  5 spark wasps
  8 dire elephants
  11 white draconians
  9 yellow draconians
  6 deep elf demonologists
  8 red draconians
  10 deep elf annihilators
  9 purple draconians
  4 deep elf death magi
  A crystal guardian (Desolation)
  6 entropy weavers
  An entropy weaver (shapeshifter) (Elf:3)
  Josephine (Spider:1)
  A green death (Zot:1)
  7 merfolk javelineers
  16 ettins
  6 deep elf high priests
  8 fire dragons
  A fire dragon (shapeshifter) (Vaults:5)
  9 great orbs of eyes
  9 merfolk impalers
  2 great orbs of eyes (shapeshifter) (Vaults:3)
  2 ragged hierophants (Desolation)
  Harold (D:9)
  6 hydras
  38 vault guards
  2 rakshasas
  24 yaktaur captains
  8 ice dragons
  7 peacekeepers
  7 servants of whispers (Desolation)
  4 ogre magi
  4 spriggan air magi (Depths:2)
  2 radroaches
  A catoblepas (Lair:4)
  4 merfolk avatars
  11 ironbound frosthearts
  A death scarab (Spider:1)
  6 deep troll shamans
  4 merfolk aquamancers
  4 alligator snapping turtles
  37 dancing weapons
  14 two-headed ogres
  6 centaur warriors
  A death knight (D:14)
  A jorogumo (Spider:4)
  A vampire mage (Depths:1)
  6 satyrs
  7 boulder beetles
  A two-headed ogre (shapeshifter) (Vaults:3)
  9 demonic crawlers
  11 deep troll earth magi
  7 hell hogs (Depths:2)
  9 tengu warriors
  A spriggan berserker (Depths:1)
  Urug (Lair:1)
  3 death yaks (Lair:2)
  2 orc high priests
  Sonja (Lair:4)
  A soul eater (Depths:2)
  A hell knight (Vaults:4)
  Nergalle (Lair:2)
  20 deep elf knights
  4 skysharks
  3 iron trolls
  A sun moth (Spider:4)
  9 sea snakes
  4 pharaoh ants
  5 skeletal warriors
  A sixfirhy (Depths:2)
  52 deep trolls
  7 orb spiders
  14 wizards
  4 glowing orange brains
  An obsidian statue (Vaults:4)
  A sea snake (shapeshifter) (Depths:1)
  4 deep elf archers
  3 spectral wolf spiders (Spider:4)
  2 bog bodies (IceCv)
  Pikel (D:4)
  A flayed ghost (Depths:2)
  4 lindwurms
  A harpy (shapeshifter) (D:15)
  2 orc knights
  17 deep elf zephyrmancers
  A phantasmal warrior (Vaults:3)
  4 steelbarb worms (Spider:4)
  4 wolf spider zombies (Spider:4)
  2 necromancers
  29 deep elf pyromancers
  34 ugly things
  21 harpies
  25 ironbound convokers
  An orc sorcerer (Orc:2)
  6 cyclopes
  19 wolf spiders
  A cyclops (shapeshifter) (Vaults:5)
  A stone giant zombie (Vaults:5)
  28 moths of wrath
  27 elephants
  11 manticores
  A shining eye (shapeshifter) (Vaults:4)
  10 fauns
  An ice statue (IceCv)
  Maurice (D:8)
  18 vault sentinels
  5 merfolk sirens
  A guardian serpent (Desolation)
  A black mamba (shapeshifter) (D:15)
  6 black mambas
  4 water nymphs
  A torpor snail (shapeshifter) (Vaults:3)
  A molten gargoyle (Desolation)
  6 cane toads
  3 smoke demons
  2 naga magi (D:15)
  3 rust devils
  6 orange demons
  5 torpor snails
  A centaur skeleton (D:15)
  2 gargoyles
  Maggie (D:6)
  7 komodo dragons
  3 unseen horrors
  57 yaktaurs
  A tormentor (Depths:3)
  2 rime drakes (Lair:1)
  4 freezing wraiths (Vaults:5)
  An anaconda simulacrum (IceCv)
  9 tengu conjurers
  3 kobold demonologists (D:12)
  14 trolls
  5 ice devils
  5 red devils
  8 wind drakes
  11 polar bears
  8 large abominations (Depths:3)
  A hellwing (Depths:2)
  A troll (shapeshifter) (Elf:1)
  26 merfolk
  A queen bee (shapeshifter) (Elf:1)
  7 wolf spider simulacra (Spider:4)
  9 hornets
  42 saltlings (Desolation)
  21 tarantellas
  3 raiju
  A tarantella (shapeshifter) (D:15)
  4 snapping turtles
  39 slime creatures
  A meliai zombie (D:15)
  22 blink frogs
  8 dream sheep (Lair:5)
  A centaur simulacrum (D:14)
  An air elemental (Elf:3)
  A fire giant simulacrum (Vaults:5)
  24 jumping spiders
  2 shadows
  11 water elementals
  26 culicivoras
  6 spriggans
  6 wyverns
  An ettin skeleton (Vaults:5)
  34 yaks
  7 hogs (D:14)
  8 wraiths
  3 chaos spawn (Depths:3)
  A fire bat (shapeshifter) (Elf:2)
  3 basilisks
  A neqoxec (Depths:4)
  59 redbacks
  2 redbacks (shapeshifter)
  Grum (Lair:1)
  A death yak simulacrum (IceCv)
  21 wargs
  A swamp worm (Lair:5)
  2 harpy simulacra (IceCv)
  An elf skeleton (Vaults:5)
  2 vampire mosquitoes (D:13)
  Edmund (D:5)
  5 acid dragons
  4 small abominations (Depths:3)
  2 hydra simulacra (IceCv)
  Duvessa (D:5)
  19 hell hounds
  13 water moccasins
  3 floating eyes (Depths:2)
  A meliai simulacrum (D:15)
  A sky beast (D:7)
  12 black bears
  44 orc warriors
  An ice beast (D:5)
  A human zombie (Vaults:5)
  10 ogres
  17 wolves
  8 centaurs
  2 phantoms
  18 bullfrogs
  9 gnoll sergeants
  4 earth elementals
  4 scorpions
  A cane toad simulacrum (IceCv)
  8 two-headed ogre simulacra (IceCv)
  18 wights
  Dowan (D:5)
  2 elephant simulacra (IceCv)
  8 killer bees
  4 howler monkeys
  9 hounds
  3 jellies
  14 orc priests
  2 gnoll boudas (D:6)
  A sleepcap (D:7)
  3 iguanas
  32 orc wizards
  2 spriggan simulacra (IceCv)
  7 troll simulacra (IceCv)
  A boggart skeleton (D:15)
  2 polar bear simulacra (IceCv)
  A wolf simulacrum (IceCv)
  A boggart simulacrum (D:15)
  15 gnolls
  3 river rats (Sewer)
  19 adders
  6 naga simulacra (IceCv)
  2 shadow imps
  18 white imps
  4 ufetubi (IceCv)
  7 worms
  5 dart slugs
  106 orcs
  A bat (shapeshifter) (Vaults:2)
  7 endoplasms
  A giant cockroach (D:1)
  13 goblins
  9 hobgoblins
  11 jackals
  7 quokkas
  11 ball pythons
  8 bats
  6 kobolds
  11 rats
  4 tentacles (Shoals:4)
2352 creatures vanquished.

Vanquished Creatures (others)
  A draconian knight (Zot:1)
1 creature vanquished.

Grand Total: 2353 creatures vanquished

Notes
Turn   | Place    | Note
-------+----------+-------------------------------------------
     0 | D:1      | Wizard1ke the Spriggan Brigand began the quest for the Orb.
     0 | D:1      | Reached XP level 1. HP: 10/10 MP: 2/2
   105 | D:1      | Reached XP level 2. HP: 14/14 MP: 3/3
   593 | D:1      | Reached XP level 3. HP: 18/18 MP: 4/4
   877 | D:2      | Identified the +10 sling "Widowmaker" {heavy, rC+}
   964 | D:2      | Reached skill level 1 in Ranged Weapons
  1108 | D:2      | Reached XP level 4. HP: 22/22 MP: 5/5
  1315 | D:2      | Reached skill level 5 in Dodging
  1381 | D:2      | Found a faded altar of an unknown god.
  1389 | D:2      | Prayed at the altar of an unknown god.
  1389 | D:2      | Became a worshipper of Uskayaw the Reveller
  1389 | D:2      | Reached * piety under Uskayaw
  1456 | D:3      | Reached ** piety under Uskayaw
  1499 | D:3      | Reached *** piety under Uskayaw
  1501 | D:3      | Found an ornate altar of the Wu Jian Council.
  1825 | D:3      | Found a hide-covered altar of Uskayaw.
  1834 | D:3      | Identified the +4 dagger of the Histrionic God {heavy,
                  | rElec rCorr}
  1990 | D:3      | Reached XP level 5. HP: 25/25 MP: 6/6
  2174 | D:4      | Got the Precepts of the Blistering Xenolith
  2304 | D:4      | Found a glowing drain.
  2319 | Sewer    | Entered a sewer
  2359 | Sewer    | Reached XP level 6. HP: 30/30 MP: 7/7
  2679 | Sewer    | Reached skill level 5 in Ranged Weapons
  3065 | D:4      | Reached XP level 7. HP: 35/35 MP: 8/8
  3135 | D:4      | Found Cucy's Armour Boutique.
  3248 | D:4      | Found Yppi's Armour Boutique.
  3252 | D:4      | Bought a +2 robe of fire resistance for 230 gold pieces
  3288 | D:5      | Entered Level 5 of the Dungeon
  3288 | D:5      | Noticed Pikel
  3316 | D:4      | Killed Pikel
  3317 | D:4      | Reached XP level 8. HP: 39/39 MP: 9/9
  3356 | D:5      | Noticed Edmund
  3372 | D:5      | Killed Edmund
  3868 | D:5      | Noticed Dowan
  3868 | D:5      | Noticed Duvessa
  3930 | D:5      | Reached skill level 10 in Dodging
  3934 | D:5      | Killed Duvessa
  3945 | D:5      | Killed Dowan
  3945 | D:5      | Reached **** piety under Uskayaw
  4477 | D:6      | Reached XP level 9. HP: 44/44 MP: 10/10
  4560 | D:6      | Found a blossoming altar of Fedhas.
  4562 | D:6      | Noticed Maggie
  4583 | D:6      | Killed Maggie
  4727 | D:6      | Reached ***** piety under Uskayaw
  5471 | D:7      | Found a staircase to the Ecumenical Temple.
  5481 | D:7      | Reached skill level 5 in Fighting
  5740 | D:8      | Reached XP level 10. HP: 51/51 MP: 11/11
  5868 | D:8      | Found a glowing golden altar of the Shining One.
  5872 | D:8      | Noticed Maurice
  5879 | D:8      | Killed Maurice
  6081 | D:8      | Reached skill level 1 in Evocations
  6088 | D:8      | Found a hazy altar of Hepliaklqana.
  6833 | D:8      | Noticed a cyan ugly thing
  6877 | D:8      | Killed a cyan ugly thing
  6878 | D:8      | Reached skill level 10 in Ranged Weapons
  7139 | D:9      | Reached skill level 5 in Evocations
  7140 | D:9      | Found a staircase to the Lair.
  7141 | D:9      | Reached ****** piety under Uskayaw
  7419 | D:9      | Noticed a two-headed ogre
  7458 | D:9      | Killed a two-headed ogre
  7459 | D:9      | Reached skill level 15 in Dodging
  7469 | D:9      | Reached XP level 11. HP: 55/55 MP: 12/12
  7475 | D:9      | Noticed Harold
  7499 | D:9      | Killed Harold
  7595 | D:9      | Noticed a two-headed ogre
  7617 | D:9      | Killed a two-headed ogre
  8246 | D:10     | Entered Level 10 of the Dungeon
  8351 | D:9      | Identified the +9 halberd "Nefrok" {heavy, rElec Will+
                  | Str+6 Int-4}
  8623 | D:10     | Found a stormy altar of Qazlal.
  8836 | Lair:1   | Entered Level 1 of the Lair of Beasts
  9004 | Lair:1   | Reached XP level 12. HP: 56/62 MP: 13/13
  9023 | Lair:1   | Noticed Urug
  9035 | Lair:1   | Killed Urug
  9038 | Lair:1   | Noticed Grum
  9047 | Lair:1   | Killed Grum
  9578 | Lair:1   | Found a transporter.
  9594 | Lair:1   | Found a one-way gate to the infinite horrors of the Abyss.
  9594 | Lair:1   | Noticed PiratePeteNZ's ghost (journeyman FoVM)
  9608 | Lair:1   | Found a transporter.
  9608 | Lair:1   | Noticed a hell hog
  9633 | Lair:1   | Noticed a rakshasa
 10217 | Lair:1   | Reached skill level 10 in Evocations
 10524 | Lair:2   | Found a staircase to the Shoals.
 10605 | Lair:2   | Noticed Nergalle
 10612 | Lair:2   | Killed Nergalle
 11097 | Lair:2   | Noticed a death yak
 11098 | Lair:2   | Noticed a death yak
 11118 | Lair:2   | Killed a death yak
 11125 | Lair:2   | Noticed a death yak
 11161 | Lair:2   | Killed a death yak
 11203 | Lair:2   | Killed a death yak
 11669 | Lair:3   | Found a hole to the Spider Nest.
 11701 | Lair:3   | Reached XP level 13. HP: 68/68 MP: 14/14
 12828 | Lair:4   | Noticed Sonja
 12832 | Lair:4   | Killed Sonja
 13010 | Lair:4   | Learned a level 1 spell: Apportation
 13287 | Lair:4   | Found a staircase to the Slime Pits.
 13288 | Lair:4   | Found a viscous altar of Jiyva.
 13461 | Lair:5   | Entered Level 5 of the Lair of Beasts
 13476 | Lair:5   | Found a bloodstained altar of Trog.
 13476 | Lair:5   | Noticed Taxman66's ghost (journeyman TrFi)
 13483 | Lair:5   | Found a transporter.
 13556 | Lair:5   | Found a transporter.
 14004 | Lair:5   | Reached XP level 14. HP: 75/75 MP: 15/15
 14568 | Lair:5   | Reached skill level 10 in Fighting
 14946 | Lair:5   | Identified the +4 chain mail of the Nexus {rF+ Regen+
                  | Str+3}
 15283 | D:11     | Found a frozen archway.
 15311 | IceCv    | Entered an ice cave
 16122 | IceCv    | Identified the +1 scale mail of Jeeleax {rElec rN++ Str-3
                  | SInv}
 16890 | D:12     | Found a staircase to the Orcish Mines.
 17739 | D:12     | Reached XP level 15. HP: 84/84 MP: 16/16
 18049 | Orc:1    | Entered Level 1 of the Orcish Mines
 18403 | Orc:1    | Found Guocw's Distillery.
 18563 | Orc:2    | Entered Level 2 of the Orcish Mines
 18563 | Orc:2    | Found a shimmering altar of Xom.
 18568 | Orc:2    | Reached skill level 15 in Ranged Weapons
 19094 | Orc:2    | Found a staircase to the Elven Halls.
 19317 | Orc:2    | Noticed Saint Roka
 19410 | Orc:2    | Found Yfyangeme's Armour Emporium.
 19518 | Orc:2    | Found Wiwee's Antique Armour Boutique.
 19637 | Orc:2    | Found Uzas's Assorted Antiques.
 19810 | Orc:2    | Killed Saint Roka
 19833 | Orc:2    | Found Nioxtyu's Antique Weapon Shop.
 19844 | Orc:2    | Bought a glowing arbalest for 240 gold pieces
 19858 | Orc:2    | Bought a shimmering robe for 171 gold pieces
 19858 | Orc:2    | Identified the +1 robe "Riyngigut" {rPois Int-3 Dex+3
                  | Stlth+} (You bought it in a shop on level 2 of the Orcish
                  | Mines)
 20105 | D:13     | Found a shadowy altar of Dithmenos.
 20908 | D:14     | Found a portal to a secret trove of treasure.
 20984 | D:14     | Noticed Kirke
 21002 | D:14     | Killed Kirke
 21533 | D:14     | Found a gate to the Vaults.
 21638 | D:15     | Entered Level 15 of the Dungeon
 21804 | D:15     | Reached XP level 16. HP: 88/88 MP: 17/17
 21840 | D:15     | Found a large runed translucent door.
 22094 | D:15     | Found a staircase to the Depths.
 22167 | D:15     | Noticed Agnes
 22172 | D:15     | Killed Agnes
 22179 | D:15     | Got the Book of the Grave
 22464 | D:15     | Found a large runed translucent door.
 22466 | D:15     | Noticed Igumek's ghost (adept OpBr)
 22574 | D:15     | Killed Igumek's ghost
 22795 | Shoals:1 | Entered Level 1 of the Shoals
 22795 | Shoals:1 | Found Nouvvimm's Vocational Training.
 22808 | Shoals:1 | Bought a manual of Invocations for 880 gold pieces
 24757 | Shoals:3 | Noticed Ilsuiw
 24796 | Shoals:3 | Noticed Bai Suzhen
 25129 | Shoals:2 | Killed Bai Suzhen
 25575 | Shoals:2 | Killed Ilsuiw
 25675 | Shoals:3 | Found Goept's Armour Emporium.
 26300 | Shoals:3 | Reached skill level 1 in Invocations
 26302 | Shoals:3 | Reached skill level 2 in Invocations
 26379 | Shoals:4 | Entered Level 4 of the Shoals
 26410 | Shoals:4 | Reached skill level 3 in Invocations
 26433 | Shoals:4 | Reached skill level 4 in Invocations
 26446 | Shoals:4 | Reached XP level 17. HP: 93/93 MP: 21/21
 26529 | Shoals:4 | Reached skill level 5 in Invocations
 26563 | Shoals:3 | Reached skill level 6 in Invocations
 26626 | Shoals:4 | Found a bloodstained altar of Trog.
 26737 | Shoals:4 | Reached skill level 7 in Invocations
 26876 | Shoals:4 | Reached skill level 8 in Invocations
 26990 | Shoals:4 | Got a barnacled rune of Zot
 27010 | Shoals:4 | Noticed a kraken
 27016 | Shoals:4 | Killed a kraken
 27017 | Shoals:4 | Reached skill level 9 in Invocations
 27229 | Shoals:4 | Reached skill level 10 in Invocations
 27254 | Shoals:4 | Identified the +6 eveningstar "Spiderslayer" {pain, Will+
                  | Dex+5}
 27494 | Shoals:4 | Reached skill level 11 in Invocations
 27789 | Shoals:4 | Reached skill level 12 in Invocations
 28096 | Shoals:4 | Learned a level 2 spell: Blink
 28109 | Shoals:4 | Reached skill level 1 in Translocations
 28510 | D:13     | Identified the +1 ring mail of Nuomeif {rElec Dex+4 Stlth+}
 28540 | Vaults:1 | Entered Level 1 of the Vaults
 28611 | Vaults:1 | Reached skill level 13 in Invocations
 28869 | Vaults:1 | Reached skill level 5 in Translocations
 28870 | Vaults:1 | Found a crumbling gateway.
 28880 | Desolati | Entered the Desolation of Salt
 29127 | Desolati | Reached skill level 14 in Invocations
 29280 | Desolati | Found the +8 arc blade {discharge, rElec}
 29352 | Desolati | Identified the +0 pair of gloves "Wure" {rPois Int+2 Dex+2}
 29356 | Desolati | Identified the +1 broad axe of Enwoil {drain, *Corrode
                  | Str+2 Dex+8}
 29560 | Desolati | Reached skill level 15 in Invocations
 29594 | Desolati | Found the +18 shield of the Gong {Loud rN+ Will+ rCorr
                  | EV-5}
 29799 | Desolati | Reached XP level 18. HP: 83/98 MP: 30/30
 29855 | Desolati | Identified the +9 glaive "Jaonurgho" {speed, rN++ Int+4}
 29868 | Desolati | Got the Octavo of the Gang
 29869 | Desolati | Identified the +0 leather armour of Tureligh {rElec rCorr
                  | Str+3 Dex+4}
 29874 | Desolati | Got the Compilation of Macabre Impurities
 29875 | Desolati | Identified the +5 spear of Vaaskuc {vamp, Will++ Int+3
                  | Dex-3}
 30690 | Vaults:1 | Reached skill level 16 in Invocations
 31368 | Vaults:2 | Reached skill level 17 in Invocations
 31811 | Vaults:2 | Reached skill level 18 in Invocations
 32175 | Vaults:2 | Found Vameoxab's Book Shop.
 32913 | Vaults:2 | Reached XP level 19. HP: 103/103 MP: 33/33
 33360 | Vaults:3 | Reached skill level 10 in Translocations
 33520 | Vaults:3 | Found a staircase to the Crypt.
 33520 | Vaults:3 | Found a basalt altar of Yredelemnul.
 33521 | Vaults:3 | Found an ancient bone altar of Kikubaaqudgha.
 33956 | Vaults:3 | Learned a level 3 spell: Portal Projectile
 34028 | Vaults:3 | Reached skill level 1 in Hexes
 34828 | Vaults:4 | Reached skill level 5 in Hexes
 35083 | Vaults:4 | Reached skill level 15 in Fighting
 35431 | Vaults:4 | Reached XP level 20. HP: 113/113 MP: 34/34
 35713 | Vaults:4 | Found Caodgh's Book Shoppe.
 35783 | Vaults:4 | Found a transporter.
 35796 | Vaults:4 | Found a transporter.
 36368 | Elf:1    | Entered Level 1 of the Elven Halls
 36442 | Elf:1    | Found a transporter.
 36446 | Elf:1    | Noticed Biss's ghost (journeyman TrSh)
 36492 | Elf:1    | Found a transporter.
 36847 | Elf:1    | You fall into a shaft and drop 1 floor!
 36874 | Elf:2    | Found a runed translucent gate.
 36874 | Elf:2    | Found a runed translucent gate.
 36884 | Elf:2    | Found a runed translucent gate.
 36938 | Elf:2    | Found Owucs's Jewellery Shoppe.
 38091 | Elf:3    | Entered Level 3 of the Elven Halls
 38629 | Elf:3    | Identified the +3 bardiche of Xoiczaos {freeze, Dex+3
                  | Stlth+}
 38882 | Elf:3    | Identified the +4 dire flail "Demonbane" {drain, rCorr}
 38906 | Elf:3    | Identified the +3 hand axe of Ciematal {flame, rF+ rC+
                  | Dex+4}
 39292 | Elf:3    | Reached XP level 21. HP: 82/120 MP: 35/35
 39387 | Elf:3    | Identified the +6 chain mail "Ciasug" {Drain rPois SInv
                  | Stlth-}
 39422 | Elf:3    | Found the +0 pair of fencer's gloves {Riposte Dex+3}
 39457 | Elf:3    | Identified the +4 chain mail of Mirth {rC+ rN+}
 39464 | Elf:3    | Found the +10 tower shield of Ignorance {rN+ Int-4}
 39478 | Elf:3    | Identified the +6 plate armour of Zuhinesh {*Slow rPois
                  | rC++ SInv}
 39489 | Elf:3    | Got Sif Muna's Anthology of the Ninety-Nine Priests
 40160 | Spider:1 | Entered Level 1 of the Spider Nest
 40173 | Spider:1 | Noticed Jorgrun
 40437 | Depths:1 | Entered Level 1 of the Depths
 40437 | Depths:1 | Noticed Aizul
 40437 | Depths:1 | Found a gateway to Hell.
 40461 | Depths:1 | Killed Aizul
 40475 | Depths:1 | Found a stormy altar of Qazlal.
 40562 | Depths:1 | Found a one-way gateway to a ziggurat.
 40968 | Spider:1 | Killed Jorgrun
 41253 | Spider:1 | Noticed Donald
 41260 | Spider:1 | Killed Donald
 41404 | Spider:1 | Noticed Josephine
 41406 | Spider:1 | Killed Josephine
 43526 | Spider:4 | Entered Level 4 of the Spider Nest
 44720 | Spider:4 | Got a gossamer rune of Zot
 44737 | Spider:4 | Identified the orb "Uxzoi" {*channel, rPois rF+ Int+3}
 45313 | Depths:1 | Noticed Mara
 45324 | Depths:1 | Noticed Wizard1ke's illusion
 45387 | Depths:1 | Noticed Wizard1ke's illusion
 45392 | D:15     | Reached XP level 22. HP: 128/129 MP: 34/36
 45417 | D:15     | Noticed Wizard1ke's illusion
 45428 | D:15     | Killed Mara
 45567 | Depths:1 | Found an iron altar of Okawaru.
 45724 | Depths:1 | Found a one-way gate leading to the halls of Pandemonium.
 46063 | Depths:1 | Found a transporter.
 46473 | Depths:2 | Noticed a golden dragon
 46808 | Depths:2 | Noticed a juggernaut
 46876 | Depths:2 | Killed a golden dragon
 46877 | Depths:2 | Reached skill level 19 in Invocations
 47086 | Depths:2 | Identified the +1 leather armour "Zamaev" {Harm *Slow rPois
                  | Int-5}
 47521 | Depths:2 | Reached skill level 20 in Invocations
 48389 | Depths:3 | Reached skill level 21 in Invocations
 48400 | Depths:3 | Reached XP level 23. HP: 99/137 MP: 38/38
 48646 | Depths:3 | Found Voasy's Weapon Shoppe.
 49039 | Depths:3 | Noticed a juggernaut
 49050 | Depths:3 | Killed a juggernaut
 49245 | Depths:3 | Found a glowing silver altar of Zin.
 49607 | Depths:4 | Entered Level 4 of the Depths
 49619 | Depths:4 | Learned a level 4 spell: Passage of Golubria
 49859 | Depths:4 | Found a gate to the Realm of Zot.
 49957 | Depths:4 | Reached skill level 22 in Invocations
 50064 | Depths:4 | Found a broken altar of Ashenzari.
 50612 | Depths:1 | Killed a juggernaut
 51504 | Vaults:5 | Entered Level 5 of the Vaults
 51577 | Vaults:5 | Identified a scroll of acquirement
 51577 | Vaults:5 | Noticed an ancient lich
 51594 | Vaults:5 | Acquired the amulet "Wuwnauh" {Acrobat rF++ Int+6}
 51686 | Vaults:5 | Got the Teachings on Singed Transposition
 51692 | Vaults:5 | Identified the ring of the Falcon {rF+ rN+ rCorr Int-3
                  | Slay+2}
 51749 | Vaults:5 | Reached skill level 23 in Invocations
 52178 | Vaults:5 | Killed an ancient lich
 52361 | Vaults:5 | Reached skill level 24 in Invocations
 52486 | Vaults:5 | Noticed an ancient lich
 52505 | Vaults:5 | Killed an ancient lich
 52506 | Vaults:5 | Reached XP level 24. HP: 88/142 MP: 40/40
 52723 | Vaults:5 | Acquired 1309 gold pieces
 52889 | Vaults:5 | Noticed an ancient lich
 52913 | Vaults:5 | Killed an ancient lich
 53037 | Vaults:5 | Reached skill level 25 in Invocations
 53185 | Vaults:5 | Noticed Mennas
 53329 | Vaults:5 | Killed Mennas
 53448 | Vaults:5 | Got a silver rune of Zot
 53546 | Vaults:5 | Noticed an ancient lich
 53563 | Vaults:5 | Killed an ancient lich
 53566 | Vaults:5 | Noticed an ancient lich
 53571 | Vaults:5 | Killed an ancient lich
 54536 | Orc:1    | Bought a potion of lignification for 33 gold pieces
 54536 | Orc:1    | Bought a potion of mutation for 88 gold pieces
 54536 | Orc:1    | Bought a potion of cancellation for 88 gold pieces
 54536 | Orc:1    | Bought a potion of resistance for 110 gold pieces
 54729 | Vaults:2 | Bought a There-And-Back Book for 450 gold pieces
 54736 | Vaults:2 | Learned a level 6 spell: Dispersal
 54997 | Zot:1    | Entered Level 1 of the Realm of Zot
 55413 | Zot:1    | Reached skill level 26 in Invocations
 56686 | Zot:2    | Identified the +7 dagger "Moats" {pain, Dex+7}
 56997 | Zot:2    | Noticed a Killer Klown
 57021 | Zot:2    | Reached XP level 25. HP: 147/147 MP: 41/41
 57021 | Zot:2    | Killed a Killer Klown
 57200 | Zot:2    | Reached skill level 15 in Translocations
 58349 | Zot:3    | Reached skill level 27 in Invocations
 58980 | Zot:3    | Got the Octavo of Unspeakable Liturgies
 58999 | Zot:3    | Identified the +9 whip "Venacs" {spect, Fly rCorr Int-5
                  | Stlth+}
 59596 | Zot:4    | Identified the +8 falchion of Cegruys {elec, Fragile Dex+3
                  | Stlth+}
 60225 | Zot:5    | Entered Level 5 of the Realm of Zot
 60611 | Zot:5    | Noticed an orb of fire
 60623 | Zot:5    | Noticed an orb of fire
 60623 | Zot:5    | Noticed a Killer Klown
 60627 | Zot:4    | Killed an orb of fire
 60724 | Zot:5    | Noticed a dread lich
 60726 | Zot:5    | Noticed a Killer Klown
 60728 | Zot:5    | Killed a dread lich
 60732 | Zot:5    | Noticed a Killer Klown
 60740 | Zot:5    | Noticed a dread lich
 60746 | Zot:4    | Killed a Killer Klown
 60840 | Zot:5    | Gained mutation: You are agile. (Dex +4, Str/Int -1) [an
                  | orb of fire]
 60850 | Zot:5    | Noticed an ancient lich
 60855 | Zot:5    | Gained mutation: You occasionally lose the ability to read
                  | scrolls when taking damage. [an orb of fire]
 60870 | Zot:4    | Gained mutation: You sometimes lose the ability to read
                  | scrolls when taking damage. [an orb of fire]
 60873 | Zot:4    | Killed an orb of fire
 60874 | Zot:4    | Lost mutation: You are agile. (Dex +4, Str/Int -1) [potion
                  | of mutation]
 60874 | Zot:4    | Lost mutation: You sometimes lose the ability to read
                  | scrolls when taking damage. [potion of mutation]
 60874 | Zot:4    | Gained mutation: You have a pair of small antennae on your
                  | head. [potion of mutation]
 60874 | Zot:4    | Gained mutation: You are robust. (+10% HP) [potion of
                  | mutation]
 60874 | Zot:4    | Gained mutation: You sometimes lose the ability to read
                  | scrolls when taking damage. [potion of mutation]
 60875 | Zot:4    | Lost mutation: You sometimes lose the ability to read
                  | scrolls when taking damage. [potion of mutation]
 60875 | Zot:4    | Lost mutation: You have a pair of small antennae on your
                  | head. [potion of mutation]
 60875 | Zot:4    | Lost mutation: You occasionally lose the ability to read
                  | scrolls when taking damage. [potion of mutation]
 60875 | Zot:4    | Gained mutation: You occasionally lose the ability to read
                  | scrolls when taking damage. [potion of mutation]
 60875 | Zot:4    | Lost mutation: You are robust. (+10% HP) [potion of
                  | mutation]
 60875 | Zot:4    | Gained mutation: You occasionally lose the ability to drink
                  | potions when taking damage. [potion of mutation]
 60876 | Zot:4    | Lost mutation: You occasionally lose the ability to drink
                  | potions when taking damage. [potion of mutation]
 60876 | Zot:4    | Lost mutation: You occasionally lose the ability to read
                  | scrolls when taking damage. [potion of mutation]
 60876 | Zot:4    | Gained mutation: Potions are less effective at restoring
                  | your health. [potion of mutation]
 60876 | Zot:4    | Gained mutation: Your system is resistant to poisons.
                  | (rPois) [potion of mutation]
 60938 | Zot:4    | Killed an ancient lich
 61020 | Zot:5    | Noticed an ancient lich
 61023 | Zot:5    | Noticed an ancient lich
 61035 | Zot:4    | Killed an ancient lich
 61074 | Zot:5    | Killed a Killer Klown
 61079 | Zot:5    | Noticed a Killer Klown
 61089 | Zot:5    | Killed a Killer Klown
 61106 | Zot:5    | Killed an ancient lich
 61122 | Zot:5    | Reached XP level 26. HP: 155/155 MP: 41/41
 61178 | Zot:5    | Noticed an ancient lich
 61186 | Zot:5    | Killed an ancient lich
 61299 | Zot:5    | Got the Orb of Zot
 61344 | Zot:5    | Killed a dread lich
 61848 | D:$      | Escaped with the Orb!

Illustrated notes

Levels and vault maps discovered:
D:1:      lightli_arrival_boilingwater, layout_loops_ring, nrook_uturn,
          minmay_quantized
D:2:      layout_loops_ring, basic_ecumenical_altar
D:3:      layout_loops_ring, eat_drink_and_be_merry_uskayaw,
          mainiacjoe_overflow_boulevard, minivault_5
D:4:      minmay_octagon_keep, layout_basic, serial_shops, shop,
          nicolae_shop_pleasant_corner_grove, portal_sewer_entry_b
D:5:      layout_basic, serial_co_window_serial, co_window_corner_a,
          co_window_paths_a, co_window_corner_a, co_window_paths_b,
          co_window_paths_b, co_window_paths_a, co_window_paths_b,
          co_window_corner_a, co_window_paths_a, co_window_broadway_a,
          co_window_broadway_b, co_window_corner_ca, co_window_4corner_b,
          glass_columns_a, glass_columns_a, glass_columns_c,
          minmay_misc_feat_encased, st_stairs_6, uniq_duvessa, uniq_edmund,
          uniq_pikel
D:6:      layout_rooms, fedhas_altar_2, pf_guarded_unrand_woodcutter,
          uniq_maggie
D:7:      layout_cave_pools, minmay_temple_entry_stoned_glass,
          serial_gnoll_camp, gnoll_camp_mini_hut, gnoll_camp_mini_basic,
          gnoll_camp_mini_doghouse, gnoll_camp_mini_hut,
          gnoll_camp_mini_doghouse
D:8:      layout_basic, general_overflow_altar, mainiacjoe_overflow_24_doors,
          nicolae_letterblocks [nicolae_letter_subblock,
          nicolae_letter_subblock, nicolae_letter_subblock,
          nicolae_letter_subblock, nicolae_letter_subblock,
          nicolae_letter_subblock, nicolae_letter_subblock,
          nicolae_letter_subblock, nicolae_letter_subblock,
          nicolae_letter_subblock, nicolae_letter_subblock,
          nicolae_letter_subblock, nicolae_letter_subblock,
          nicolae_letter_subblock, nicolae_letter_subblock,
          nicolae_letter_subblock, nicolae_letter_subblock,
          nicolae_letter_subblock, nicolae_letter_subblock,
          nicolae_letter_subblock, nicolae_letter_subblock,
          nicolae_letter_subblock, nicolae_letter_subblock,
          nicolae_letter_subblock, nicolae_letter_subblock], uniq_maurice
D:9:      cheibrodos_iron_armory, layout_cave_pools, minmay_lair_entry_grove,
          special_room [special_room_orc], uniq_harold
D:10:     layout_rooms, kennysheep_little_box
D:11:     layout_basic, portal_ice_cave_entry_imps
D:12:     lemuel_castle_with_subvaults [lemuel_castle_interior_carwin_2],
          layout_stronghold, david_orc_3
D:13:     layout_big_octagon, nicolae_dithmenos_shadow_blocks
D:14:     layout_loops_ring, erik_vaults_1, hangedman_abyss_or_decor_passed,
          enter_trove_5, hangedman_decor_opposing, minmay_beelzebubs_servants,
          uniq_kirke
D:15:     grunt_enter_depths_magical_seal, layout_loops_cross,
          ebering_ghost_disaster_area, glass_columns_a, uniq_agnes
Lair:1:   layout_cave_pods, gammafunk_ghost_abyssal_escape, grunt_megastairs_1,
          uniq_urug, uniq_grum
Lair:2:   layout_gridlike, minmay_shoals_entry_lonely_mermaid,
          serial_bayou_shore_a, uniq_nergalle
Lair:3:   layout_small_grid, spider_nest_entry_web_field
Lair:4:   layout_regular_city, minmay_slime_entry_pillars, uniq_sonja
Lair:5:   hangedman_lair_caniforms_friends, layout_hall_layers,
          guppyfry_lair_end_dragon, gammafunk_ghost_wrathful_warriors,
          worms_lemuel
Shoals:1: layout_shoals, nicolae_shop_vocational
Shoals:2: layout_shoals, nicolae_shoals_songs
Shoals:3: layout_shoals, serial_shops, shop, nicolae_shoals_lost_giant_hut,
          nicolae_shoals_so_close, uniq_bai_suzhen, uniq_ilsuiw
Shoals:4: shoals_end_simple, layout_shoals, nicolae_shoals_seven_spires,
          nicolae_shoals_stone_sculpture_thing, lemuel_oklob_altar
Spider:1: layout_spider_delve, uniq_josephine, uniq_jorgrun, uniq_donald
Spider:2: layout_spider_delve, hangedman_spider_tarantella_strand
Spider:3: layout_chambers, hellmonk_test_site
Spider:4: grunt_spider_rune_parallel, nicolae_spider_undead_wolf_pack
Orc:1:    layout_diamond_mine, serial_shops, shop_fountains, rock_pile
Orc:2:    grunt_orc_community_town_hall, layout_caves,
          grunt_orc_community_big_house_1, grunt_orc_community_big_house_2,
          grunt_orc_community_house_2, grunt_orc_community_house_1,
          grunt_orc_community_house_2, grunt_orc_community_house_2, basic_altar
Elf:1:    layout_onion_city, gammafunk_ghost_berserking_beasts, minivault_28,
          minmay_shop_grove
Elf:2:    nicolae_elf_blades_splatter_lattice [nicolae_blade_entry_pointy_end],
          layout_loops_cross, serial_shops, shop
Elf:3:    minmay_elf_hall_quartered_circle, layout_geoelf_octagon,
          nicolae_elf_deep_friendship
Vaults:1: portal_desolation_entry_nicolae_slug, v_pattern_3,
          vaults_room_large_hall, nicolae_vaults_octothorpe,
          vaults_mumra_chevron, hangedman_vaults_cutoff, v_misc_24,
          nicolae_vaults_tetromino_L_2, nicolae_vaults_closet_pinwheel_4,
          vaults_dpeg_encased_lava, nicolae_vaults_double_plus_1,
          vaults_room_grunt_arrival_ludios, vaults_room_pools,
          nicolae_vaults_variable_pillar_hall, vaults_dpeg_ring,
          layout_vaults_chaotic_city
Vaults:2: v_pattern_2, v_misc_29, nicolae_vaults_an_arrangement,
          nicolae_vaults_storage_closets_2, nicolae_vaults_turnstiles,
          vaults_room_pools, nicolae_vaults_house_2,
          nicolae_vaults_double_plus_2, layout_vaults_omnigrid, serial_shops,
          shop
Vaults:3: minmay_crypt_entry_necro_gods, nicolae_vaults_double_plus_2, v_misc_3,
          v_misc_25, nicolae_vaults_tetromino_Z_1,
          nicolae_vaults_diagonal_hallway_6, vaults_room_grid,
          grunt_vaults_hallway_short, nicolae_vaults_closet_pinwheel_4,
          nicolae_vaults_twisting_passages, vaults_standard_mumra_x,
          nicolae_vaults_loss_of_containment, nicolae_vaults_tetromino_T_1,
          v_misc_31, nicolae_vaults_apartment_1, vaults_dpeg_cross,
          layout_vaults_omnicross
Vaults:4: v_rooms_6, gammafunk_sealed_arena,
          nicolae_vaults_offset_grid_hallway_3,
          nicolae_vaults_door_testing_chamber, ontoclasm_vaults_hangar,
          nicolae_vaults_octothorpe, nicolae_vaults_storage_closets_3,
          v_misc_28, nicolae_vaults_double_plus_1,
          nicolae_vaults_network_quinsquares
          [nicolae_vaults_network_quincunx_subvault,
          nicolae_vaults_network_quincunx_subvault,
          nicolae_vaults_network_quincunx_subvault,
          nicolae_vaults_network_quincunx_subvault],
          nicolae_vaults_border_crossing, nicolae_vaults_house_3,
          layout_vaults_ring, serial_shops, nicolae_shop_tiny_waterfront
Vaults:5: uniq_mennas
Depths:1: layout_honeycomb, enter_ziggurat_a, hell_entry, pan_entry,
          hangedman_feature_mirror, kennysheep_nub, nicolae_diode_basic,
          grunt_megastairs_2, uniq_aizul, uniq_mara
Depths:2: minmay_complete_graph, layout_gridlike, grunt_hell_horde,
          grunt_pan_entry_in_and_out, grunt_decor_arrowhead
Depths:3: minmay_the_grid_triangle_9x9_recursive_2_mashed
          [minmay_the_grid_triangle_9x9_prize_top_heavy,
          minmay_the_grid_triangle_9x9_from_above,
          minmay_the_grid_triangle_9x9_corrupted_corridor,
          minmay_the_grid_triangle_9x9_alien], layout_gridville,
          minmay_room_of_horrors, hell_entry, serial_shops,
          nicolae_shop_mannequins, zin_scriptorium,
          minmay_staircase_windowed_large, serial_bayou_shore_b
Depths:4: evilmike_zot_entry_basic, layout_small_grid, rand_demon_pan_entry_8,
          hell_entry, ashenzari_conservatory_becter
Zot:1:    layout_twisted_circle, grunt_megastairs_3
Zot:2:    layout_basic, nicolae_lava_and_water, uniq_grunn
Zot:3:    layout_gridlike, bh_zot_ikea_curve, st_large_dragon_hoard_4
Zot:4:    layout_cellular_growth, skrybe_zot_glass_2
Zot:5:    layout_misc_corridors

Skill      XL: |  1  2  3  4  5  6  7  8  9 10 11 12 13 14 15 16 17 18 19 20 21 22 23 24 25 26 |
---------------+-------------------------------------------------------------------------------+-----
Dodging        | 2 4 5 7 10 12 15 16 17 20 22 25 26 | 26.0
Ranged Weapons | 1 2 4 5 6 7 9 10 11 12 14 16 18 19 20 | 20.0
Fighting       | 2 3 5 6 8 9 12 15 16 19 20 21 22 | 22.0
Evocations     | 5 8 10 | 10.0
Invocations    | 4 15 18 21 24 26 27 | 27.0
Translocations | 5 8 10 14 20 | 20.0
Hexes          | 5 |  5.0
Short Blades   | |  2.1
Throwing       | |  2.0
Stealth        | |  5.8

Action                     |  1- 3 |  4- 6 |  7- 9 | 10-12 | 13-15 | 16-18 | 19-21 | 22-24 | 25-27 || total
---------------------------+-------+-------+-------+-------+-------+-------+-------+-------+-------++-------
  Melee: Dagger            |    60 |       |       |       |       |       |       |       |       ||    60
   Fire: Sling             |    13 |   129 |   212 |   675 |  1729 |   394 |       |       |       ||  3152
         Arbalest          |       |       |       |       |    13 |  1496 |  1778 |  1778 |   610 ||  5675
  Throw: Dart              |     2 |       |       |       |     3 |       |       |       |       ||     5
   Cast: Blink             |       |       |       |       |       |     3 |     5 |     7 |       ||    15
         Dispersal         |       |       |       |       |       |       |       |       |     4 ||     4
         Apportation       |       |       |       |       |       |       |       |       |     3 ||     3
 Invoke: Line Pass         |       |       |       |     3 |       |       |       |       |       ||     3
         Grand Finale      |       |       |       |       |       |     3 |     1 |     7 |     2 ||    13
  Evoke: Wand              |       |       |       |     3 |     8 |    19 |     3 |    16 |       ||    49
         Lightning rod     |       |       |       |       |       |       |     3 |     7 |     1 ||    11
         Phial of floods   |       |       |       |       |       |       |     1 |       |       ||     1
         Phantom mirror    |       |       |       |       |       |       |       |     1 |       ||     1
    Use: Scroll            |       |     4 |     3 |     5 |     6 |    20 |     7 |    14 |     5 ||    64
         Potion            |       |     1 |       |     1 |       |     3 |     4 |     2 |     3 ||    14
   Stab: Sleeping          |    11 |       |       |       |       |       |       |       |       ||    11
 Armour: Robe              |     5 |     3 |     3 |     5 |    21 |    19 |     7 |    12 |     5 ||    80
  Dodge: Dodged            |    36 |    50 |    58 |   311 |   929 |  1018 |   842 |   851 |   397 ||  4492
         Repelled          |       |       |       |       |       |       |     2 |     8 |     3 ||    13
  Block: Other             |       |       |    12 |    54 |       |       |       |       |       ||    66
         Reflection        |       |       |     2 |     3 |       |       |       |       |       ||     5

Table legend: (Time is in decaauts)
 A = Elapsed time spent in this place.
 B = Non-inter-level travel time spent in this place.
 C = Inter-level travel time spent in this place.
 D = Time resting spent in this place.
 E = Time spent auto-exploring this place.
 F = Levels seen in this place.
 G = Mean time per level.
                   A        B        C        D        E       F      G
               +--------+--------+--------+--------+--------+-----+--------+
         Total |  45793 |  42017 |   3776 |   4514 |  20981 |  50 |  915.9 |
       Dungeon |  10581 |   9140 |   1441 |    354 |   5164 |  15 |  705.4 |
          Lair |   4936 |   4463 |    473 |    445 |   2354 |   5 |  987.2 |
        Shoals |   4075 |   3929 |    146 |    483 |   1784 |   4 | 1018.8 |
   Spider Nest |   2988 |   2904 |     84 |    116 |   1960 |   4 |  747.0 |
  Orcish Mines |   1641 |   1382 |    259 |    158 |    610 |   2 |  820.5 |
   Elven Halls |   2791 |   2607 |    184 |    629 |    940 |   3 |  930.3 |
        Vaults |   7330 |   6610 |    720 |    701 |   2836 |   5 | 1466.0 |
        Depths |   4374 |   4100 |    274 |    560 |   2031 |   4 | 1093.5 |
           Zot |   5016 |   4823 |    193 |    913 |   2437 |   5 | 1003.2 |
         Sewer |    571 |    571 |      0 |     43 |    408 |   1 |  571.0 |
      Ice Cave |    586 |    586 |      0 |     24 |    299 |   1 |  586.0 |
    Desolation |    899 |    899 |      0 |     87 |    153 |   1 |  899.0 |
               +--------+--------+--------+--------+--------+-----+--------+

Top non-repeatable levels by time:
Vaults:5: 2220 daAuts
Vaults:2: 1658 daAuts
Depths:2: 1508 daAuts
Shoals:4: 1380 daAuts
   Zot:2: 1369 daAuts
   Elf:2: 1308 daAuts
  Lair:1: 1290 daAuts
    D:12: 1267 daAuts
   Zot:3: 1235 daAuts
Shoals:2: 1192 daAuts
Vaults:4: 1177 daAuts
Spider:4: 1176 daAuts
  Lair:5: 1172 daAuts
Vaults:3: 1159 daAuts
    D:14: 1149 daAuts
